 Dungeon Crawl Stone Soup version 0.30-a0-840-ga523dec638 (webtiles) character file.

Game seed: 15792028750900625503

97 Esekla the Sneak (level 4, 18/31 HPs)
             Began as an Octopode Delver on Mar 1, 2023.
             Quit the game on level 5 of the Dungeon.
             The game lasted 00:02:47 (201 turns).

Esekla the Sneak (Octopode Delver)                   Turns: 201, Time: 00:02:47

Health: 18/31      AC:  1    Str: 11    XL:     4   Next: 68%
Magic:  5/5        EV: 13    Int: 14    God:
Gold:   31         SH:  0    Dex: 13    Spells: 5/5 levels left

rFire   . . .      SeeInvis .    a - +0 falchion
rCold   . . .      Faith    .    (no shield)
rNeg    . . .      Spirit   .    (helmet restricted)
rPois   .          Reflect  .    (no amulet)
rElec   .          Harm     .    (no ring)
rCorr   .          Rampage  .    (no ring)
Will    .....                    (no ring)
Stlth   +++++                    (no ring)
HPRegen 0.25/turn                (no ring)
MPRegen 0.09/turn                (no ring)
                                 (no ring)
                                 (no ring)

@: no status effects
A: almost no armour, amphibious, 8 rings, camouflage 1, gelatinous body 1,
(nimble swimmer 1), tentacles
a: no special abilities


You were on level 5 of the Dungeon.
You visited 1 branch of the dungeon, and saw 1 of its levels.

You collected 31 gold pieces.

Inventory:

Hand Weapons
 a - a +0 falchion (weapon)
 g - a +0 dagger
Wands
 f - a wand of digging (3)
Scrolls
 b - a scroll of fog
 c - a scroll of enchant armour {unknown}
Potions
 e - a potion of haste


   Skills:
 * Level 3.5 Fighting
 * Level 2.5 Long Blades
 * Level 2.4 Dodging
 + Level 7.7 Stealth
 * Level 1.0 Spellcasting


You had 5 spell levels left.
You didn't know any spells.
Your spell library was empty.

Dungeon Overview and Level Annotations

Branches:
Dungeon (5/15)
 Temple: D:4-7

Altars:
Nemelex Xobeh
The Shining One

Shops:
D:5 !


Innate Abilities, Weirdness & Mutations

You cannot wear most types of armour.
You are amphibious.
You can wear up to eight rings at the same time.
Your skin changes colour to match your surroundings (Stealth+).
Your rubbery body absorbs attacks. (AC +1, EV +1)
((You are camouflaged when in or above water. (Stealth+)))
You have tentacles for arms and can constrict up to eight enemies at once.


Message History

You constrict the hound, but do no damage.
The hound misses you. The hound closely misses you.
You hit the hound.
You kill the hound!
Your Stealth skill increases to level 7!
You have reached level 2!
You have reached level 3!
Your experience leads to an increase in your attributes!
Increase (S)trength, (I)ntelligence, or (D)exterity?
You feel clever. x2
You hear the slow hiss of a distant avalanche of sand.
The bullfrog croaks.
You closely miss the bullfrog. You grab the bullfrog. You squeeze the bullfrog.
The bullfrog is moderately wounded.
You constrict the bullfrog, but do no damage.
The bullfrog hits you. x2
You hit the bullfrog.
The bullfrog is heavily wounded.
You constrict the bullfrog. The bullfrog hits you.
You hit the bullfrog but do no damage.
The bullfrog is heavily wounded.
You constrict the bullfrog. The bullfrog completely misses you.
The bullfrog hits you.
You slash the bullfrog!
The bullfrog is almost dead.
You constrict the bullfrog.
You kill the bullfrog!
Your Spellcasting skill increases to level 1!
You have reached level 4!
Found a helmet.
A howler monkey comes into view.
Found a sparkling altar of Nemelex Xobeh.
Found a great sword.
You see here a +0 great sword.
Found 18 gold pieces.
You now have 31 gold pieces (gained 18).
Found a stone staircase leading up.
Found a robe.
Found Sudez's Distillery.
Are you sure you want to abandon this character and quit the game? (Confirm with "yes".)

********** ****** *,,,8,..8#*
*,,,,, *,,,,,....#* *,,,,,
****,8,>,∩.<.8######### *,,,,,
,,,,,,,,,.[...........# **,,,,
,,,,,,,8,,#8..........# *....
,,,,,******#..........# *....
,,,,,* #..........# *....
,,,,,******#....@.....######*....
,,,,,>,,,,,+...............##....
,,,,,,*,,*,#..........####..#....
,,,,,,**,,,############**##..#**,
,,,,,,***,,* *,,,,,,,,,,,*##)# *,
,,,,,,****,***,,,,,,,..,,* #.# *,
,,,,,,,,,,,,**,,,,***#.,,* #.# *,
,,,,,**,,,,,**,,,,*,.#...###.###,
***,***,,,,,,,,,,,*,...........+,


There were no monsters in sight!

Vanquished Creatures
  A bullfrog (D:5)
  A hound (D:5)
2 creatures vanquished.

Notes
Turn   | Place    | Note
-------+----------+-------------------------------------------
     0 | D:5      | Esekla the Octopode Delver began the quest for the Orb.
     0 | D:5      | Reached XP level 1. HP: 16/16 MP: 1/1
    94 | D:5      | Noticed a phantom
    99 | D:5      | Noticed a hound
   110 | D:5      | Found a glowing golden altar of the Shining One.
   119 | D:5      | Noticed a bullfrog
   123 | D:5      | Noticed an ice beast
   128 | D:5      | Killed a hound
   129 | D:5      | Reached skill level 7 in Stealth
   129 | D:5      | Reached XP level 2. HP: 5/21 MP: 2/2
   129 | D:5      | Reached XP level 3. HP: 7/26 MP: 3/3
   170 | D:5      | Killed a bullfrog
   171 | D:5      | Reached skill level 1 in Spellcasting
   171 | D:5      | Reached XP level 4. HP: 11/31 MP: 3/5
   179 | D:5      | Found a sparkling altar of Nemelex Xobeh.
   200 | D:5      | Found Sudez's Distillery.
   201 | D:5      | Quit the game

Illustrated notes

Levels and vault maps discovered:
D:5:      layout_basic, mainiacjoe_overflow_alcove_1, kennysheep_mini,
          serial_shops, nicolae_stop_n_shop_2, nicolae_ossuary_entry_plus

Skill      XL: |  1  2  3 |
---------------+----------+-----
Stealth        | 7 |  7.7
Spellcasting   | 1 |  1.0
Fighting       | |  3.5
Long Blades    | |  2.5
Dodging        | |  2.4

Action                     |  1- 3 |  4- 6 || total
---------------------------+-------+-------++-------
  Melee: Falchion          |     9 |       ||     9
         Constrict         |     3 |       ||     3
         Tentacles         |     1 |       ||     1
    Use: Scroll            |     2 |       ||     2
  Dodge: Dodged            |    11 |       ||    11

Table legend: (Time is in decaauts)
 A = Elapsed time spent in this place.
 B = Non-inter-level travel time spent in this place.
 C = Inter-level travel time spent in this place.
 D = Time resting spent in this place.
 E = Time spent auto-exploring this place.
 F = Levels seen in this place.
 G = Mean time per level.
                   A        B        C        D        E       F      G
               +--------+--------+--------+--------+--------+-----+--------+
         Total |    201 |    201 |      0 |      0 |      0 |   1 |  201.0 |
       Dungeon |    201 |    201 |      0 |      0 |      0 |   1 |  201.0 |
               +--------+--------+--------+--------+--------+-----+--------+

Top non-repeatable levels by time:
     D:5: 201 daAuts
